 Dungeon Crawl Stone Soup version 0.25.1-2-g60ff931df9 (webtiles) character file.

Game seed: 8611307142602347938

1188 hawla the Chopper (level 8, -8/70 HPs)
             Began as a Minotaur Fighter on Oct 19, 2020.
             Mangled by Duvessa
             ... wielding a +2 rapier of flaming
              (17 damage)
             ... on level 5 of the Dungeon.
             The game lasted 00:10:37 (4139 turns).

hawla the Chopper (Minotaur Fighter)                Turns: 4139, Time: 00:10:38

Health: -8/70      AC: 11    Str: 20    XL:     8   Next: 19%
Magic:  7/7        EV:  9    Int:  5    God:
Gold:   231        SH:  0    Dex: 11    Spells: 7/7 levels left

rFire    . . .     SeeInvis .   a - +1 war axe
rCold    . . .     Gourm    .   (no shield)
rNeg     . . .     Faith    .   t - +0 chain mail
rPois    .         Spirit   .   (helmet restricted)
rElec    .         Reflect  .   c - +0 cloak
rCorr    .         Harm     .   (no gloves)
MR       .....                  (no boots)
Stlth    ..........             (no amulet)
HPRegen  0.21/turn              (no ring)
MPRegen  0.10/turn              n - ring of stealth

@: hasted, very quick
A: retaliatory headbutt, horns 2, weak 1, MP-powered wands
a: no special abilities


You were on level 5 of the Dungeon.
You were not hungry.

You visited 1 branch of the dungeon, and saw 5 of its levels.

You collected 231 gold pieces.

Inventory:

Hand Weapons
 a - a +1 war axe (weapon)
Missiles
 e - 10 boomerangs
 i - 52 poisoned darts (quivered)
Armour
 c - a +0 cloak (worn)
 t - a +0 chain mail (worn)
Jewellery
 n - a ring of stealth (right hand)
Scrolls
 g - 3 scrolls of teleportation
 h - a scroll of remove curse
Potions
 k - 3 potions of haste
 m - a potion of flight
Comestibles
 b - 8 chunks of flesh
 f - 9 rations


   Skills:
 + Level 5.9 Fighting
 + Level 7.6 Axes
 + Level 1.7 Throwing
 + Level 6.2 Armour
 * Level 4.7 Dodging
 + Level 0.4 Stealth
   Level 3.6 Shields


You had 7 spell levels left.
You didn't know any spells.
Your spell library was empty.

Dungeon Overview and Level Annotations

Branches:
Dungeon (5/15)
 Temple: D:4-7

Altars:
The Shining One

Shops:
D:4 *

Annotations:
D:5 Duvessa


Innate Abilities, Weirdness & Mutations

You reflexively headbutt those who attack you in melee.
You have a pair of horns on your head.
You are weak. (Str -2)
You expend magic power (3 MP) to strengthen your wands.


Message History

* * * LOW HITPOINT WARNING * * *
Unknown command.
You feel yourself speed up. Duvessa closely misses you.
Duvessa barely misses you.
You hit Duvessa. You headbutt Duvessa.
Duvessa is severely wounded.
Duvessa closely misses you.
You closely miss Duvessa.
Duvessa is severely wounded.
Duvessa closely misses you.
You hit Duvessa but do no damage.
Duvessa is severely wounded.
Duvessa barely misses you.
You slash Duvessa!
Duvessa is almost dead.
Duvessa hits you but does no damage.
You barely miss Duvessa.
Duvessa is almost dead.
Duvessa hits you with a +2 rapier of flaming!
You die...

#.....## #........
#......# ##....##..
#......#####...######
#........#....## #
#............##
#...........##
#.........##
######....##...##
.......@<####...#
#......e## ##..#
#......## #..#
#...... ##.# ##.....
#.# #..#... #.#
.####.. #.# #.. ..#


You could see Duvessa (berserk).

Vanquished Creatures
  Grinder (D:4)
  Sigmund (D:4)
  3 sky beasts
  Dowan (D:5)
  A jelly (D:5)
  A bullfrog skeleton (D:4)
  An orc priest (D:3)
  2 orc wizards (D:5)
  A centaur skeleton (D:4)
  An iguana (D:4)
  Jessica (D:2)
  3 worker ants
  5 adders
  8 gnolls
  An adder zombie (D:5)
  3 adder skeletons (D:4)
  A worm (D:2)
  A leopard gecko (D:2)
  5 orcs
  4 bats
  6 giant cockroaches
  7 goblins
  6 hobgoblins
  4 jackals (D:5)
  9 kobolds
  A quokka (D:3)
  A ball python (D:1)
  4 frilled lizards (D:3)
  A quokka skeleton (D:5)
  2 rats (D:3)
86 creatures vanquished.

Notes
Turn   | Place    | Note
-------+----------+-------------------------------------------
     0 | D:1      | hawla the Minotaur Fighter began the quest for the Orb.
     0 | D:1      | Reached XP level 1. HP: 19/19 MP: 0/0
   249 | D:1      | Reached XP level 2. HP: 27/27 MP: 1/1
   315 | D:1      | Reached skill level 1 in Dodging
   743 | D:1      | Reached XP level 3. HP: 33/33 MP: 2/2
  1019 | D:2      | Reached skill level 3 in Axes
  1283 | D:2      | Noticed Jessica
  1285 | D:2      | Killed Jessica
  1285 | D:2      | Reached XP level 4. HP: 41/41 MP: 3/3
  1552 | D:3      | Noticed a sky beast
  1571 | D:3      | Killed a sky beast
  1571 | D:3      | Reached skill level 4 in Axes
  1571 | D:3      | Reached XP level 5. HP: 22/47 MP: 4/4
  1748 | D:3      | Found a glowing golden altar of the Shining One.
  2545 | D:4      | Found Yruqif's Assorted Antiques.
  2714 | D:4      | Reached XP level 6. HP: 53/53 MP: 5/5
  2748 | D:4      | Reached skill level 5 in Armour
  2789 | D:4      | Reached skill level 5 in Axes
  3026 | D:4      | Reached skill level 5 in Fighting
  3071 | D:4      | Noticed Grinder
  3074 | D:4      | Gained mutation: You expend magic power (3 MP) to
                  | strengthen your wands. [potion of mutation]
  3074 | D:4      | Gained mutation: You are dopey. (Int -2) [potion of
                  | mutation]
  3074 | D:4      | Gained mutation: You are weak. (Str -2) [potion of
                  | mutation]
  3074 | D:4      | Lost mutation: You are dopey. (Int -2) [potion of mutation]
  3087 | D:4      | Paralysed by Grinder for 7 turns
  3095 | D:4      | Paralysed by Grinder for 7 turns
  3104 | D:4      | Killed Grinder
  3104 | D:4      | Reached skill level 6 in Axes
  3104 | D:4      | Reached XP level 7. HP: 61/61 MP: 6/6
  3186 | D:4      | Noticed Sigmund
  3204 | D:4      | Killed Sigmund
  3204 | D:4      | Reached skill level 1 in Throwing
  3625 | D:5      | Entered Level 5 of the Dungeon
  3771 | D:5      | Reached skill level 7 in Axes
  3788 | D:5      | Reached XP level 8. HP: 20/70 MP: 7/7
  4117 | D:5      | Noticed Dowan
  4118 | D:5      | Noticed Duvessa
  4125 | D:5      | Killed Dowan
  4139 | D:5      | Mangled by Duvessa

Illustrated notes

Levels and vault maps discovered:
D:1:      matt_arrival_grand_opening, layout_basic, minmay_heptomino_d4
D:2:      layout_loops_ring, uniq_jessica
D:3:      minmay_spotlight, layout_basic, lemuel_tele_altar
D:4:      layout_cave_pods, serial_shops, kennysheep_mini_moat,
          nrook_mini_backslash, uniq_grinder, uniq_sigmund
D:5:      layout_layer_cave, minmay_temple_entry_poolview, portal_sewer_entry_f,
          first_ration, uniq_duvessa

Skill      XL: |  1  2  3  4  5  6  7 |
---------------+----------------------+-----
Fighting       | 4 5 |  5.9
Armour         | 4 5 6 |  6.2
Dodging        | 1 2 3 4 |  4.7
Axes           | 3 4 6 7 |  7.6
Throwing       | 1 |  1.7
Stealth        | |  0.4
Shields        | |  3.6

Action                   |  1- 3 |  4- 6 |  7- 9 || total
-------------------------+-------+-------+-------++-------
Melee: War axe           |    53 |   111 |    85 ||   249
       Headbutt          |     9 |    15 |     9 ||    33
Throw: Dart              |       |     8 |    10 ||    18
  Use: Scroll            |     2 |     7 |     2 ||    11
       Potion            |       |     6 |     4 ||    10
  Eat: Chunk             |     1 |     6 |       ||     7
       Ration            |       |       |     1 ||     1
Armor: Scale mail        |    37 |    57 |       ||    94
       Chain mail        |       |    18 |    67 ||    85
       Skin              |       |     7 |       ||     7
Dodge: Dodged            |    23 |    42 |    38 ||   103
